L3
COLUMBUS CREW @ AREQUIPA SNOWCAPS
06/13/2111
 
TOP OF THE 1ST
Harare Engineers batting - Pitching for Beirut Sea Lions : RHP Gheorghe Gâlca
Pitching: RHP Gheorghe Gâlca
Batting: LHB Shamsedeen Amar 0-0: Called Strike
0-1: Ball
1-1: Ball
2-1: Swinging Strike
2-2: Ball
3-2: Ground out 6-3 (Groundball, 6, EV 80.6 MPH)
Batting: RHB Taffounnout Kimweri 0-0: Foul Ball, location: 2F
0-1: Ball
1-1: Ball
2-1: Foul Ball, location: 9LMF
2-2: Strikes out swinging
Batting: LHB Abdul-Azim bin Mika'il 0-0: Ball
1-0: Called Strike
1-1: Foul Ball, location: 2F
1-2: SINGLE (Line Drive, 9LS, EV 98.1 MPH)
Batting: LHB Ignacio Hermoso 0-0: Fly out, F7 (Line Drive, 78M, EV 92.5 MPH)
Top of the 1st over - 0 runs, 1 hit, 0 errors, 1 left on base; Harare 0 - Beirut 0
BOTTOM OF THE 1ST
Beirut Sea Lions batting - Pitching for Harare Engineers : RHP Almas bin Saud
Pitching: RHP Almas bin Saud
Batting: LHB Nhat Giap 0-0: Called Strike
0-1: Called Strike
0-2: Ball
1-2: Ball
2-2: Ball
3-2: Ground out 6-3 (Groundball, 4MD, EV 95.0 MPH)
Batting: RHB Teo Nguyen-Tan 0-0: Foul Ball, location: 2F
0-1: Ball
1-1: Ball
2-1: Ground out 5-3 (Groundball, 56, EV 88.1 MPH)
Batting: RHB Gaya Kihiga 0-0: Called Strike
0-1: Ball
1-1: Ball
2-1: Swinging Strike
2-2: Ball
3-2: Foul Ball, location: 2F
3-2: Fly out, F8 (Line Drive, 8RM, EV 81.9 MPH)
Bottom of the 1st over - 0 runs, 0 hits, 0 errors, 0 left on base; Harare 0 - Beirut 0
TOP OF THE 2ND
Harare Engineers batting - Pitching for Beirut Sea Lions : RHP Gheorghe Gâlca
Batting: RHB Danny Diaz 0-0: Foul Ball, location: 2F
0-1: Fly out, F3 (Popup, 23F, EV 77.5 MPH)
Batting: RHB Orel Elizavetin 0-0: Called Strike
0-1: Ball
1-1: Called Strike
1-2: Foul Ball, location: 2F
1-2: SINGLE (Line Drive, 89S, EV 90.6 MPH)
Batting: LHB Jesper Hvass 0-0: Ball
1-0: Foul Ball, location: 7LMFF
1-1: SINGLE (Line Drive, 8RS, EV 94.4 MPH)
Orel Elizavetin to second
Throwing error, E8
Orel Elizavetin scores
Jesper Hvass to second
Batting: RHB Janani Kibwe 0-0: Called Strike
0-1: Called Strike
0-2: Fly out, F3 (Popup, 3, EV 66.3 MPH)
Batting: LHB Angelo de Hoyos 0-0: Ground out 4-3 (Groundball, 34D, EV 103.1 MPH)
Top of the 2nd over - 1 run, 2 hits, 1 error, 1 left on base; Harare 1 - Beirut 0
BOTTOM OF THE 2ND
Beirut Sea Lions batting - Pitching for Harare Engineers : RHP Almas bin Saud
Batting: RHB Vitenka Andiev 0-0: Ground out 4-3 (Groundball, 4, EV 83.8 MPH)
Batting: RHB Lemah Purbacaraka 0-0: Foul Ball, location: 3F
0-1: Ground out 4-3 (Groundball, 4M, EV 84.4 MPH)
Batting: RHB See-tong Yuen 0-0: Ball
1-0: Ball
2-0: Called Strike
2-1: Ball
3-1: Ground out U3 (Groundball, 34, EV 82.5 MPH)
Bottom of the 2nd over - 0 runs, 0 hits, 0 errors, 0 left on base; Harare 1 - Beirut 0
TOP OF THE 3RD
Harare Engineers batting - Pitching for Beirut Sea Lions : RHP Gheorghe Gâlca
Batting: LHB Shamsedeen Amar 0-0: Ball
1-0: Ground out U3 (Groundball, 34, EV 105.0 MPH)
Batting: RHB Taffounnout Kimweri 0-0: Foul Ball, location: 2F
0-1: Ground out 6-3 (Groundball, 56, EV 85.0 MPH)
Batting: LHB Abdul-Azim bin Mika'il 0-0: Called Strike
0-1: Swinging Strike
0-2: Ball
1-2: Ball
2-2: SINGLE (Groundball, 34D, EV 107.5 MPH)
Batting: LHB Ignacio Hermoso 0-0: Called Strike
0-1: Ball
1-1: Ball
2-1: Called Strike
2-2: Strikes out swinging
Top of the 3rd over - 0 runs, 1 hit, 0 errors, 1 left on base; Harare 1 - Beirut 0
BOTTOM OF THE 3RD
Beirut Sea Lions batting - Pitching for Harare Engineers : RHP Almas bin Saud
Batting: RHB Indergabriell Foronda 0-0: Foul Ball, location: 23F
0-1: Ball
1-1: Foul Ball, location: 2F
1-2: Foul Ball, location: 7LSFF
1-2: Foul Ball, location: 2F
1-2: Ball
2-2: Foul Ball, location: 9LDF
2-2: Ball
3-2: Foul Ball, location: 5FF
3-2: Strikes out swinging
Batting: LHB Aimé Marie 0-0: Called Strike
0-1: Foul Ball, location: 2F
0-2: Strikes out swinging
Batting: RHB Mehari Chinouyazue 0-0: Ball
1-0: SINGLE (Line Drive, 4M, EV 100.0 MPH)
Batting: LHB Nhat Giap 0-0: Ball
1-0: Called Strike
1-1: Called Strike
1-2: Foul Ball, location: 2F
1-2: Foul Ball, location: 7LMF
1-2: Strikes out swinging
Bottom of the 3rd over - 0 runs, 1 hit, 0 errors, 1 left on base; Harare 1 - Beirut 0
TOP OF THE 4TH
Harare Engineers batting - Pitching for Beirut Sea Lions : RHP Gheorghe Gâlca
Batting: RHB Danny Diaz 0-0: Ball
1-0: Swinging Strike
1-1: Ball
2-1: Ball
3-1: Swinging Strike
3-2: Base on Balls
Batting: RHB Orel Elizavetin 0-0: Foul Ball, location: 9LSF
0-1: Ball
Wild Pitch!
Danny Diaz to second
1-1: Sac Bunt to 13S - play at first, batter OUT! 1-3
Danny Diaz to third
Batting: LHB Jesper Hvass 0-0: Ball
1-0: Ball
2-0: Ball
3-0: Base on Balls
Batting: RHB Janani Kibwe 0-0: Foul Ball, location: 3DF
0-1: Ball
1-1: Called Strike
1-2: Fielders Choice at 2nd, 5-4 (Groundball, 56, EV 78.8 MPH)
Danny Diaz scores
Batting: LHB Angelo de Hoyos 0-0: Called Strike
0-1: Fly out, F8 (Flyball, 8LM, EV 90.6 MPH)
Top of the 4th over - 1 run, 0 hits, 0 errors, 1 left on base; Harare 2 - Beirut 0
BOTTOM OF THE 4TH
Beirut Sea Lions batting - Pitching for Harare Engineers : RHP Almas bin Saud
Batting: RHB Teo Nguyen-Tan 0-0: Called Strike
0-1: Ball
1-1: Ball
2-1: Fly out, F9 (Flyball, 9S, EV 85.6 MPH)
Batting: RHB Gaya Kihiga 0-0: Called Strike
0-1: Called Strike
0-2: Ball
1-2: Strikes out swinging
Batting: RHB Vitenka Andiev 0-0: Ground out 6-3 (Groundball, 6, EV 83.8 MPH)
Bottom of the 4th over - 0 runs, 0 hits, 0 errors, 0 left on base; Harare 2 - Beirut 0
TOP OF THE 5TH
Harare Engineers batting - Pitching for Beirut Sea Lions : RHP Gheorghe Gâlca
Batting: LHB Shamsedeen Amar 0-0: Called Strike
0-1: Foul Ball, location: 23F
0-2: Ball
1-2: Ball
2-2: Fly out, F7 (Line Drive, 7, EV 85.6 MPH)
Batting: RHB Taffounnout Kimweri 0-0: Called Strike
0-1: Foul Ball, location: 23F
0-2: Fly out, F9 (Flyball, 9S, EV 87.5 MPH)
Batting: LHB Abdul-Azim bin Mika'il 0-0: Ball
1-0: Ball
2-0: Ball
3-0: Called Strike
3-1: Swinging Strike
3-2: Strikes out looking
Top of the 5th over - 0 runs, 0 hits, 0 errors, 0 left on base; Harare 2 - Beirut 0
BOTTOM OF THE 5TH
Beirut Sea Lions batting - Pitching for Harare Engineers : RHP Almas bin Saud
Batting: RHB Lemah Purbacaraka 0-0: Ball
1-0: Called Strike
1-1: Ball
2-1: Ground out 6-3 (Groundball, 6, EV 93.1 MPH)
Batting: RHB See-tong Yuen 0-0: Foul Ball, location: 2F
0-1: Called Strike
0-2: Ball
1-2: Foul Ball, location: 25F
1-2: Strikes out swinging
Batting: RHB Indergabriell Foronda 0-0: Swinging Strike
0-1: Fly out, F7 (Flyball, 7LM, EV 86.9 MPH)
Bottom of the 5th over - 0 runs, 0 hits, 0 errors, 0 left on base; Harare 2 - Beirut 0
TOP OF THE 6TH
Harare Engineers batting - Pitching for Beirut Sea Lions : RHP Gheorghe Gâlca
Batting: LHB Ignacio Hermoso 0-0: Swinging Strike
0-1: Swinging Strike
0-2: Ball
1-2: Foul Ball, location: 2F
1-2: Ball
2-2: DOUBLE (Flyball, 8LXD, EV 102.5 MPH)
Pitching: RHP Anwar bin Imad
Batting: RHB Danny Diaz 0-0: SINGLE (Line Drive, 7S, EV 85.0 MPH)
Ignacio Hermoso to third
Batting: RHB Orel Elizavetin 0-0: Called Strike
0-1: Ball
1-1: SINGLE (Line Drive, 4M, EV 99.4 MPH)
Ignacio Hermoso scores
Danny Diaz to second
Batting: LHB Jesper Hvass 0-0: Sac Bunt to 25 - play at first, batter OUT! 5-3
Danny Diaz to third
Orel Elizavetin to second
Batting: RHB Janani Kibwe 0-0: Swinging Strike
0-1: Called Strike
0-2: Ball
1-2: Ball
2-2: Foul Ball, location: 2F
2-2: SINGLE (Groundball, 6, EV 104.4 MPH) (infield hit)
Danny Diaz scores
Orel Elizavetin to third
Batting: LHB Angelo de Hoyos 0-0: Ball
1-0: Fly out, F7 (Flyball, 78M, EV 93.8 MPH)
Runner from 3rd tags up, SCORES, throw by LF
Batting: LHB Shamsedeen Amar 0-0: Called Strike
0-1: Foul Ball, location: 9LSF
0-2: Ball
1-2: Foul Ball, location: 9LMF
1-2: Foul Ball, location: 2F
1-2: Ball
2-2: Strikes out swinging
Top of the 6th over - 3 runs, 4 hits, 0 errors, 1 left on base; Harare 5 - Beirut 0
BOTTOM OF THE 6TH
Beirut Sea Lions batting - Pitching for Harare Engineers : RHP Almas bin Saud
Batting: LHB Aimé Marie 0-0: Ball
1-0: Called Strike
1-1: Ball
2-1: Fly out, F9 (Flyball, 89S, EV 101.3 MPH)
Batting: RHB Mehari Chinouyazue 0-0: Ball
1-0: Ground out 6-3 (Groundball, 6S, EV 79.4 MPH)
Batting: LHB Nhat Giap 0-0: Called Strike
0-1: Foul Ball, location: 2F
0-2: Ball
1-2: Foul Ball, location: 7LDF
1-2: Ball
2-2: Foul Ball, location: 2F
2-2: Strikes out swinging
Bottom of the 6th over - 0 runs, 0 hits, 0 errors, 0 left on base; Harare 5 - Beirut 0
TOP OF THE 7TH
Harare Engineers batting - Pitching for Beirut Sea Lions : RHP Anwar bin Imad
Batting: RHB Taffounnout Kimweri 0-0: Ball
1-0: Foul Ball, location: 9LDF
1-1: Foul Ball, location: 5F
1-2: Strikes out swinging, 2-3 out at first.
Batting: LHB Abdul-Azim bin Mika'il 0-0: Foul Ball, location: 7LSF
0-1: Ground out 4-3 (Groundball, 4, EV 78.1 MPH)
Batting: LHB Ignacio Hermoso 0-0: Called Strike
0-1: Ball
1-1: Fly out, F7 (Flyball, 7, EV 95.6 MPH)
Top of the 7th over - 0 runs, 0 hits, 0 errors, 0 left on base; Harare 5 - Beirut 0
BOTTOM OF THE 7TH
Beirut Sea Lions batting - Pitching for Harare Engineers : RHP Almas bin Saud
Batting: RHB Teo Nguyen-Tan 0-0: Ball
1-0: Ball
2-0: Called Strike
2-1: SOLO HOME RUN (Flyball, 7LD, EV 93.1 MPH), Distance : 337 ft
Pinch Hitting: RHB Benjamin Lucas 0-0: Ball
1-0: Foul Ball, location: 2F
1-1: Ball
2-1: Ball
3-1: SINGLE (Line Drive, 6D, EV 106.3 MPH)
Batting: RHB Vitenka Andiev 0-0: Ball
1-0: Foul Ball, location: 2F
1-1: Foul Ball, location: 7LMF
1-2: Grounds into double play, 6-4-3 (Groundball, 6, EV 87.5 MPH)
Batting: RHB Lemah Purbacaraka 0-0: Swinging Strike
0-1: Ball
1-1: Ball
2-1: Foul Ball, location: 9LDF
2-2: Ground out 5-3 (Groundball, 5, EV 80.6 MPH)
Bottom of the 7th over - 1 run, 2 hits, 0 errors, 0 left on base; Harare 5 - Beirut 1
TOP OF THE 8TH
Harare Engineers batting - Pitching for Beirut Sea Lions : RHP Anwar bin Imad
Now in LF: Benjamin Lucas
Batting: RHB Danny Diaz 0-0: Called Strike
0-1: Ground out 5-3 (Groundball, 56, EV 81.9 MPH)
Batting: RHB Orel Elizavetin 0-0: Ball
1-0: Ball
2-0: Foul Ball, location: 9LDF
2-1: Called Strike
2-2: Fly out, F8 (Line Drive, 8LD, EV 93.1 MPH)
Batting: LHB Jesper Hvass 0-0: Ball
1-0: Called Strike
1-1: Fly out, F8 (Flyball, 8LD, EV 105.0 MPH)
Top of the 8th over - 0 runs, 0 hits, 0 errors, 0 left on base; Harare 5 - Beirut 1
BOTTOM OF THE 8TH
Beirut Sea Lions batting - Pitching for Harare Engineers : RHP Almas bin Saud
Batting: RHB See-tong Yuen 0-0: Ball
1-0: SINGLE (Line Drive, 34, EV 96.9 MPH)
Pinch Hitting: LHB Lema Kiongo 0-0: Foul Ball, location: 7LSFF
0-1: Ball
1-1: Fielders Choice at 2nd, 4-6 (Groundball, 34, EV 87.5 MPH)
Pinch Hitting: RHB Christovan Mancelos 0-0: Called Strike
0-1: Ball
1-1: Ball
2-1: Ball
3-1: Foul Ball, location: 25F
3-2: Strikes out swinging
Pinch Hitting: RHB Samir Muhyiddin 0-0: Ball
1-0: Called Strike
1-1: Ball
2-1: DOUBLE (Groundball, 5L, EV 97.5 MPH)
Lema Kiongo to third
Batting: LHB Nhat Giap 0-0: Ball
1-0: Called Strike
1-1: Foul Ball, location: 3FF
1-2: Ball
2-2: Ground out 4-3 (Groundball, 4, EV 84.4 MPH)
Bottom of the 8th over - 0 runs, 2 hits, 0 errors, 2 left on base; Harare 5 - Beirut 1
TOP OF THE 9TH
Harare Engineers batting - Pitching for Beirut Sea Lions : RHP Anwar bin Imad
Pitching: RHP Joel Jimenez
Now at 1B: Christovan Mancelos
Now at 2B: See-tong Yuen
Now at SS: Boryenka Waikin
Now in RF: Samir Muhyiddin
Pinch Hitting: RHB Mao-you Xia 0-0: Called Strike
0-1: Ball
1-1: Ball
2-1: SINGLE (Groundball, 34D, EV 110.6 MPH)
Batting: LHB Angelo de Hoyos 0-0: Sac Bunt to 15 - play at first, batter OUT! 1-3
Mao-you Xia to second
Batting: LHB Shamsedeen Amar 0-0: Ground out 3-1 (Groundball, 34D, EV 68.1 MPH)
Mao-you Xia to third
Batting: RHB Taffounnout Kimweri 0-0: Called Strike
0-1: Foul Ball, location: 23F
0-2: Strikes out swinging
Top of the 9th over - 0 runs, 1 hit, 0 errors, 1 left on base; Harare 5 - Beirut 1
BOTTOM OF THE 9TH
Beirut Sea Lions batting - Pitching for Harare Engineers : RHP Almas bin Saud
Now at C: Igor Hubert
Batting: RHB Teo Nguyen-Tan 0-0: Ball
1-0: Called Strike
1-1: Ball
2-1: SINGLE (Flyball, 6MD, EV 91.3 MPH)
Batting: RHB Benjamin Lucas 0-0: Ball
1-0: Called Strike
1-1: SINGLE (Line Drive, 9S, EV 95.0 MPH)
Teo Nguyen-Tan to second
Pitching: RHP Luis de Luna
Batting: RHB Vitenka Andiev 0-0: Called Strike
0-1: Fielders Choice at 2nd, 4-6 (Groundball, 4, EV 106.9 MPH)
Teo Nguyen-Tan to third
Batting: RHB Lemah Purbacaraka 0-0: SINGLE (Line Drive, 8LS, EV 99.4 MPH)
Teo Nguyen-Tan scores
Vitenka Andiev to second
Batting: RHB See-tong Yuen 0-0: Ball
1-0: Ball
2-0: Called Strike
2-1: Called Strike
2-2: Strikes out swinging
Pinch Hitting: RHB TupiaOsiro Allunga 0-0: Fly out, F8 (Flyball, 8LXD, EV 100.6 MPH)
Bottom of the 9th over - 1 run, 3 hits, 0 errors, 2 left on base; Harare 5 - Beirut 2
Wednesday, August 28th , 2024 - OOTP Baseball 25.8 Build 87